 Dungeon Crawl Stone Soup version 0.30.1-11-g7821555f0a (webtiles) character file.

Game seed: 16242223364717872837

15432 lonewolfV2 the Demonic Cataclysm (level 12, -34/133 HPs)
             Began as a Demonspawn Fighter on Oct 30, 2023.
             Was a High Priest of Qazlal.
             Annihilated by an enormous slime creature (63 damage)
             ... on level 11 of the Dungeon on Oct 31, 2023.
             The game lasted 00:26:51 (12208 turns).

lonewolfV2 the Demonic Cataclysm (DsFi)            Turns: 12208, Time: 00:26:51

Health: -34/133    AC: 29    Str: 25    XL:     12   Next: 1%
Magic:  20/20      EV:  2    Int: 11    God:    Qazlal [*****.]
Gold:   712        SH: 16    Dex: 14    Spells: 11/11 levels left

rFire   . . .        p - +7 Throatcutter {drain, coup de grace}
rCold   . . .        c - +0 buckler
rNeg    . . .        I - melded +0 plate armour
rPois   +            (helmet currently unavailable)
rElec   .            e - melded +1 cloak
rCorr   +            H - melded +0 pair of gloves
SInv    .            (boots currently unavailable)
Will    .....        i - amulet of reflection
Stlth   +            E - ring of resist corrosion
HPRegen 0.42/turn    A - +6 ring of strength
MPRegen 0.34/turn

%: repel missiles, reflection
@: tree-form, protected from physical damage
A: stationary, stasis, torment immunity, boosted hp, powered by death 2, magic
regeneration, (sanguine armour 2), (demonic touch 1)
a: Renounce Religion, Upheaval, Elemental Force, Disaster Area


You were on level 11 of the Dungeon.
You worshipped Qazlal.
Qazlal was extremely pleased with you.
You were a tree.
You visited 1 branch of the dungeon, and saw 12 of its levels.

You collected 797 gold pieces.
You spent 85 gold pieces at shops.

Inventory:

Hand Weapons
 a - a +1 war axe of protection
 p - the +7 Throatcutter (weapon) {drain, coup de grace}
   (You found it on level 7 of the Dungeon)
 v - the +0 long sword "Ciarilay" {flame, Str-5 Dex+5}
   (You found it on level 6 of the Dungeon)

   Str:       It affects your strength (-5).
   Dex:       It affects your dexterity (+5).
Missiles
 r - 2 throwing nets (quivered)
Armour
 c - a +0 buckler (worn)
 e - a +1 cloak (melded)
 k - a +0 chain mail
 H - a +0 pair of gloves (melded)
 I - a +0 plate armour (melded)
Jewellery
 d - a +6 ring of intelligence
 f - a ring of willpower
 g - a ring of flight
 i - an amulet of reflection (around neck)
 A - a +6 ring of strength (right branch)
 E - a ring of resist corrosion (left branch)
Wands
 b - a wand of iceblast (14)
 u - a wand of flame (38)
 y - a wand of charming (15)
 F - a wand of light (3)
Scrolls
 l - 2 scrolls of fear
 w - a scroll of magic mapping
 x - 2 scrolls of enchant armour
 B - a scroll of teleportation
 C - a scroll of blinking
 D - 3 scrolls of identify
 J - a scroll of fog
 K - a scroll of brand weapon
 L - a scroll of enchant weapon
Potions
 h - 2 potions of degeneration
 j - 2 potions of brilliance
 m - 2 potions of heal wounds
 n - a potion of attraction
 o - a potion of lignification
 q - a potion of curing
 s - 4 potions of flight
 z - a potion of resistance
 G - 2 potions of mutation
Miscellaneous
 t - a piece from Xom's chessboard (15/15)


   Skills:
 - Level 6.9 Fighting
 - Level 7.2 Long Blades
 - Level 1.7 Axes
 + Level 7.9 Armour
 + Level 8.1 Dodging
 - Level 6.0 Shields
 * Level 11.4 Invocations
 - Level 5.5 Evocations


You had 11 spell levels left.
You didn't know any spells.
Your spell library contained the following spells:

 Spells                   Type           Power      Damage    Failure   Level
 Apportation              Tloc           0%         N/A       38%         1
 Necrotise                Necr           0%         1d4       38%         1
 Sting                    Tmut/Pois      0%         1d3       38%         1
 Summon Small Mammal      Summ           0%         N/A       38%         1
 Poisonous Vapours        Pois/Air       0%         N/A       52%         2
 Portal Projectile        Hex/Tloc       0%         N/A       77%         3
 Tukima's Dance           Hex            0%         N/A       77%         3
 Olgreb's Toxic Radiance  Pois           0%         N/A       99%         4
 Blade Hands              Tmut           0%         N/A       100%        5


Dungeon Overview and Level Annotations

Branches:
Dungeon (12/15)            Temple (0/1) D:6
   Lair: D:8-11         Orc: D:9-12

Altars:
Dithmenos
Fedhas
Kikubaaqudgha
Makhleb
Qazlal
Ru
Sif Muna
Uskayaw
Vehumet
Xom

Shops:
D:5 :   D:8 =   D:11 !


Innate Abilities, Weirdness & Mutations

You are a tree.
Your roots penetrate the ground, keeping you stationary.
You cannot be teleported.
You are immune to unholy pain and torment.
Your maximum health is greatly increased.
Your equipment is partially melded.
You regenerate health from kills.
You regenerate magic rapidly.
((When seriously injured, your blood forms thick armour. (AC +0)))
((Your touch may inflict minor irresistible damage on your foes.))


Message History

You feel protected from physical attacks.
You climb upwards.
There is a stone staircase leading down here.
You hit the slime creature.
The slime creature is lightly wounded.
You block the slime creature's attack.
Two slime creatures merge to form an enormous slime creature.
You hit the enormous slime creature.
The enormous slime creature is moderately wounded.
You block the enormous slime creature's attack.
The slime creature hits you.
You hit the enormous slime creature but do no damage.
The enormous slime creature is moderately wounded.
The enormous slime creature barely misses you.
The slime creature closely misses you.
Press: ? - help, v - describe, . - travel A stone staircase leading down.
Really quaff the potion of lignification?
You turn into a tree.
Your +1 cloak melds into your body.
Your +0 pair of gloves melds into your body.
Your +0 plate armour melds into your body.
Your roots penetrate the ground.
The enormous slime creature hits you!!
You feel more protected from physical attacks.
You block the slime creature's attack.
You slash the enormous slime creature!
The enormous slime creature is moderately wounded.
The enormous slime creature hits you!! You block the slime creature's attack.
You slash the enormous slime creature!
The enormous slime creature is heavily wounded.
The enormous slime creature hits you!!!
* * * LOW HITPOINT WARNING * * *
You feel more protected from physical attacks.
You block the slime creature's attack.
You slash the enormous slime creature!
The enormous slime creature is heavily wounded.
You block the enormous slime creature's attack.
The slime creature hits you.
* * * LOW HITPOINT WARNING * * *
You feel better. The enormous slime creature hits you!!!
You die...

#.#....)###...#....##..#.###.
#.####### #........##.##.....
#.# #...#....##.####### #.#
#...#....##.# #.#
##.##.....#.# #.#
#.####.#.#.### #.####### #.#
#.#.....## #.#.....# #J#
#.###.#..#### #†####.## #♣#
#..##.##..... #.†.#...####J#
##.##.#####.. ###..:#.'....#
#.##.# #..
##.#######.#####.##.#####..
#.....# #.##..............
####### #.##.......#####..
#.##.......# #.. #.##.......#
### #.#####..#########


You could see an enormous slime creature and a slime creature.

Vanquished Creatures
  A two-headed ogre (D:10)
  2 alligators (D:11)
  2 lindwurms (D:11)
  Pikel (D:5)
  A gargoyle (D:10)
  Maggie (D:6)
  A kobold demonologist (D:10)
  A troll (D:10)
  Grinder (D:5)
  3 tyrant leeches (D:11)
  3 slime creatures
  A vampire (D:10)
  A wraith (D:10)
  A wyvern (D:10)
  21 yaks
  2 basilisks (D:11)
  Grum (D:11)
  4 vampire mosquitoes (D:10)
  2 steam dragons
  Menkaure (D:7)
  An acid dragon (D:11)
  A water moccasin (D:9)
  2 hell hounds (D:11)
  3 black bears
  An ice beast (D:8)
  3 orc warriors
  4 wolves (D:11)
  2 ogres
  2 centaurs
  A phantom (D:5)
  5 kobold brigands
  8 bullfrogs
  A gnoll sergeant (D:6)
  2 scorpions
  9 wights
  3 jellies
  12 killer bees
  A howler monkey (D:3)
  5 hounds
  3 orc priests
  2 gnoll boudas
  4 orc wizards
  Ijyb (D:4)
  Natasha (thrice) (D:4)
  5 iguanas
  2 hell rats (D:11)
  Robin (D:4)
  6 adders
  17 gnolls
  4 river rats (D:11)
  2 shadow imps (D:10)
  An ufetubus (D:7)
  9 worms
  22 orcs
  4 bats
  6 endoplasms
  3 giant cockroaches
  15 hobgoblins
  9 jackals
  2 quokkas
  6 ball pythons
  8 frilled lizards
  13 goblins
  37 kobolds
  9 kobold skeletons (D:10)
  9 kobold zombies (D:10)
  15 rats
335 creatures vanquished.

Vanquished Creatures (others)
  An orc (D:9)
  A kobold (D:8)
2 creatures vanquished.

Grand Total: 337 creatures vanquished

Notes
Turn   | Place    | Note
-------+----------+-------------------------------------------
     0 | D:1      | lonewolfV2 the Demonspawn Fighter began the quest for the
                  | Orb.
     0 | D:1      | Reached XP level 1. HP: 18/18 MP: 1/1
   387 | D:1      | Reached skill level 1 in Dodging
   387 | D:1      | Gained mutation: When seriously injured, your blood forms
                  | armour. (AC +0) [demonic ancestry]
   387 | D:1      | Reached XP level 2. HP: 24/24 MP: 2/2
  1123 | D:2      | Reached XP level 3. HP: 28/29 MP: 3/3
  1125 | D:2      | Found a shimmering altar of Xom.
  1375 | D:2      | Noticed a black bear
  1388 | D:2      | Killed a black bear
  1389 | D:2      | Gained mutation: You regenerate magic rapidly. [demonic
                  | ancestry]
  1389 | D:2      | Reached XP level 4. HP: 10/35 MP: 4/4
  1389 | D:2      | Gained mutation: When seriously injured, your blood forms
                  | thick armour. (AC +0) [demonic ancestry]
  1389 | D:2      | Reached XP level 5. HP: 12/41 MP: 5/5
  1729 | D:2      | Found a faded altar of an unknown god.
  1745 | D:2      | Prayed at the altar of an unknown god.
  1745 | D:2      | Became a worshipper of Uskayaw the Reveller
  1745 | D:2      | Reached * piety under Uskayaw
  2056 | D:3      | Found a radiant altar of Vehumet.
  2107 | D:3      | Reached ** piety under Uskayaw
  2163 | D:3      | Found a shadowy altar of Dithmenos.
  2480 | D:3      | Reached *** piety under Uskayaw
  3014 | D:3      | Fell from the grace of Uskayaw
  3025 | D:4      | Noticed Ijyb
  3036 | D:4      | Killed Ijyb
  3037 | D:4      | Reached XP level 6. HP: 45/47 MP: 6/6
  3115 | D:4      | Noticed Natasha
  3124 | D:4      | Killed Natasha
  3209 | D:4      | Noticed Natasha
  3214 | D:4      | Killed Natasha
  3234 | D:4      | Noticed Robin
  3242 | D:4      | Killed Robin
  3243 | D:4      | Reached XP level 7. HP: 36/52 MP: 7/7
  3431 | D:4      | Noticed Natasha
  3444 | D:4      | Killed Natasha
  3445 | D:4      | Found a shimmering blue altar of Sif Muna.
  3615 | D:4      | Found a stormy altar of Qazlal.
  3691 | D:4      | Became a worshipper of Qazlal Stormbringer
  3725 | D:4      | You are sucked into a shaft and drop 2 floors!
  3793 | D:6      | Reached skill level 1 in Evocations
  4074 | D:5      | Entered Level 5 of the Dungeon
  4166 | D:4      | Found a blossoming altar of Fedhas.
  4255 | D:4      | Found a sacrificial altar of Ru.
  4451 | D:4      | Reached skill level 5 in Dodging
  4655 | D:5      | Noticed Grinder
  4665 | D:5      | Paralysed by Grinder for 2 turns
  4718 | D:5      | Killed Grinder
  4719 | D:5      | Reached skill level 5 in Armour
  4719 | D:5      | Gained mutation: Your touch may inflict minor irresistible
                  | damage on your foes. [demonic ancestry]
  4719 | D:5      | Reached XP level 8. HP: 24/58 MP: 8/8
  5068 | D:5      | Found Lyqusmun's Book Shop.
  5069 | D:5      | Noticed Pikel
  5086 | D:5      | Killed Pikel
  5178 | D:5      | Identified the +0 dagger of Demonkind {flame, Str+4}
  5904 | D:6      | Identified the +0 long sword "Ciarilay" {flame, Str-5
                  | Dex+5}
  6010 | D:6      | Noticed Maggie
  6026 | D:6      | Killed Maggie
  6027 | D:6      | Reached XP level 9. HP: 20/63 MP: 9/9
  6031 | D:6      | Reached skill level 5 in Evocations
  6259 | D:6      | Found a staircase to the Ecumenical Temple.
  6682 | D:6      | Reached skill level 1 in Long Blades
  6950 | D:6      | Found a burning altar of Makhleb.
  7125 | D:6      | Was forgiven by Uskayaw
  7286 | D:7      | Found a flagged portal.
  7350 | D:7      | Reached * piety under Qazlal
  7518 | D:7      | Found the +7 Throatcutter {drain, coup de grace}
  7523 | D:7      | Noticed Menkaure
  7530 | D:7      | Killed Menkaure
  8269 | D:8      | Found Oreigg's One-of-a-Kind Rings.
  8428 | D:8      | Identified the +1 scale mail of Pibal {rElec Int+3}
  8779 | D:8      | Reached skill level 5 in Fighting
  8779 | D:8      | Reached skill level 5 in Long Blades
  9025 | D:8      | Reached skill level 1 in Invocations
  9191 | D:9      | Gained mutation: You regenerate a little health from kills.
                  | [demonic ancestry]
  9191 | D:9      | Reached XP level 10. HP: 74/74 MP: 9/11
  9272 | D:9      | Reached ** piety under Qazlal
  9273 | D:9      | Reached skill level 2 in Invocations
  9301 | D:9      | Reached skill level 3 in Invocations
  9325 | D:9      | Reached skill level 4 in Invocations
  9590 | D:9      | Noticed a death yak
  9590 | D:9      | Noticed a death yak
  9591 | D:9      | Noticed a death yak
  9595 | D:9      | Noticed a death yak
  9595 | D:9      | Noticed a death yak
  9596 | D:9      | Noticed a death yak
  9596 | D:9      | Noticed a death yak
  9597 | D:9      | Noticed a death yak
  9597 | D:9      | Noticed a death yak
  9842 | D:10     | Entered Level 10 of the Dungeon
  9855 | D:10     | Reached skill level 5 in Invocations
 10186 | D:10     | Noticed a gargoyle
 10193 | D:10     | Killed a gargoyle
 10194 | D:10     | Reached skill level 6 in Invocations
 10200 | D:10     | Noticed a two-headed ogre
 10217 | D:10     | Killed a two-headed ogre
 10344 | D:10     | Reached skill level 7 in Invocations
 10356 | D:10     | Reached skill level 5 in Shields
 10356 | D:10     | Gained mutation: You regenerate health from kills. [demonic
                  | ancestry]
 10356 | D:10     | Reached XP level 11. HP: 59/83 MP: 16/16
 10629 | D:10     | Reached *** piety under Qazlal
 10659 | D:10     | Found an ancient bone altar of Kikubaaqudgha.
 10669 | D:10     | Noticed a sixfirhy
 10676 | D:10     | Noticed a sun demon
 10796 | D:10     | Reached **** piety under Qazlal
 10916 | D:10     | Reached skill level 8 in Invocations
 10989 | D:11     | Noticed Grum
 11016 | D:11     | Killed Grum
 11158 | D:11     | Reached skill level 9 in Invocations
 11218 | D:11     | Found Nasuthrue's Distillery.
 11224 | D:11     | Bought a potion of heal wounds for 85 gold pieces
 11753 | D:11     | Noticed a lindwurm
 11761 | D:11     | Reached skill level 10 in Invocations
 11768 | D:11     | Killed a lindwurm
 11771 | D:11     | Noticed a lindwurm
 11799 | D:11     | Killed a lindwurm
 11817 | D:11     | Reached ***** piety under Qazlal
 11963 | D:11     | Noticed an alligator
 11990 | D:11     | Killed an alligator
 11991 | D:11     | Reached skill level 11 in Invocations
 12028 | D:11     | Noticed an alligator
 12037 | D:11     | Killed an alligator
 12196 | D:11     | Reached XP level 12. HP: 89/89 MP: 20/20
 12208 | D:11     | Annihilated by an enormous slime creature

Illustrated notes

Levels and vault maps discovered:
D:1:      kennysheep_arrival_seaside, layout_basic
D:2:      minmay_chambers_of_twos, layout_basic, basic_altar,
          dilly_ecumenical_altar_fadedgnrine, minmay_increasing_density
D:3:      layout_rooms, overflow_temple_1_default,
          nicolae_dithmenos_through_a_glass_darkly
D:4:      layout_rooms, kennysheep_mini_moat, fedhas_altar_3,
          grunt_qazlal_clouds, nicolae_ru_awakened_eye, kennysheep_flooded_box,
          minmay_misc_feat_x, kennysheep_generic_room_3, uniq_natasha,
          uniq_robin, uniq_ijyb
D:5:      layout_loops_corners, serial_shops, nicolae_take_the_stairs,
          uniq_grinder, uniq_pikel
D:6:      layout_basic, mainiacjoe_overflow_tiny_flanked,
          minmay_temple_entry_junction, uniq_maggie
D:7:      layout_basic, enter_bailey_4, uniq_menkaure
D:8:      layout_basic, nicolae_shop_unique_rings
D:9:      layout_loops_ring, dpeg_lair_monsters, david_orc_3,
          hangedman_decor_growths, uniq_maurice
D:10:     wander_kiku_kobolds, layout_loops_ring
D:11:     layout_rooms, serial_shops, nicolae_shop_tiny_real_fake_doors,
          hangedman_parallel_progression, uniq_grum
D:12:     layout_layer_cave, minmay_guarded_unrand_staff_of_olgreb, uniq_snorg

Skill      XL: |  1  2  3  4  5  6  7  8  9 10 11 |
---------------+----------------------------------+-----
Dodging        | 1 3 4 5 6 7 8 |  8.1
Shields        | 3 4 5 6 |  6.0
Armour         | 3 4 5 6 7 |  7.9
Evocations     | 2 4 5 |  5.5
Long Blades    | 5 6 7 |  7.2
Fighting       | 5 6 |  6.9
Invocations    | 1 7 11 | 11.4
Axes           | |  1.7

Action                     |  1- 3 |  4- 6 |  7- 9 | 10-12 || total
---------------------------+-------+-------+-------+-------++-------
  Melee: War axe           |   139 |   143 |   112 |       ||   394
         Long sword        |       |       |   208 |   505 ||   713
 Invoke: Renounce Religion |       |     1 |       |       ||     1
  Evoke: Wand              |       |       |     9 |    13 ||    22
    Use: Scroll            |     2 |     5 |    10 |     7 ||    24
         Potion            |     2 |     1 |     3 |    12 ||    18
   Stab: Paralysed         |       |     2 |       |       ||     2
 Armour: Scale mail        |   104 |       |     5 |   126 ||   235
         Chain mail        |       |    93 |   180 |       ||   273
         Plate armour      |       |       |       |    71 ||    71
  Dodge: Dodged            |    89 |    87 |   166 |   268 ||   610
         Repelled          |       |       |       |     1 ||     1
  Block: Buckler           |    45 |    97 |   232 |   479 ||   853
         Reflection        |       |     1 |     4 |     4 ||     9
